 Dungeon Crawl Stone Soup version 0.21.1-1-g345015f (webtiles) character file.

3535 toffzen the Grappler (level 9, -5/88 HPs)
             Began as a Troll Transmuter on Mar 20, 2018.
             Was a Follower of Wu Jian.
             Slain by a troll (7 damage)
             ... on level 8 of the Dungeon on Mar 21, 2018.
             The game lasted 00:18:52 (6955 turns).

toffzen the Grappler (Troll Transmuter)             Turns: 6955, Time: 00:18:54

Health: -5/88      AC:  7    Str: 25    XL:     9   Next: 82%
Magic:  9/9        EV: 12    Int:  9    God:    Wu Jian [*.....]
Gold:   486        SH:  0    Dex: 13    Spells: 7/10 levels left

rFire    . . .     SeeInvis .     - Unarmed
rCold    . . .     Gourm    +   (no shield)
rNeg     . . .     Faith    .   b - +0 robe
rPois    .         Spirit   .   B - +2 hat {MR+}
rElec    .         Reflect  .   (no cloak)
rCorr    .         Harm     .   (gloves unavailable)
MR       +....                  (boots unavailable)
Stlth    +.........             (no amulet)
HPRegen  0.64/turn              (no ring)
MPRegen  0.11/turn              (no ring)

@: mighty
A: large, unfitting armour, claws 3, fast metabolism 3, gourmand, regeneration
1, shaggy fur 1, tough skin 2
a: Renounce Religion


You were on level 8 of the Dungeon.
You worshipped Wu Jian.
Wu Jian was aware of your devotion.
You were full.

You visited 2 branches of the dungeon, and saw 9 of its levels.

You collected 486 gold pieces.

Inventory:

Missiles
 a - 79 arrows
 e - 290 stones (quivered)
 g - 10 curare-tipped needles
 q - 26 poisoned needles
Armour
 b - a +0 robe (worn)
 B - a +2 hat of magic resistance (worn)
Jewellery
 n - an uncursed ring of ice
 u - an uncursed ring of ice
Wands
 h - a wand of acid (13)
 s - a wand of iceblast (7)
 z - a wand of disintegration (16)
Scrolls
 f - 2 scrolls of enchant weapon
 j - a scroll of amnesia {unknown}
 k - 5 scrolls of teleportation
 m - 2 scrolls of fog {unknown}
 o - a scroll of enchant armour {unknown}
 p - 3 scrolls of noise
 t - a scroll of remove curse {unknown}
 v - a scroll of summoning {unknown}
 y - a scroll of holy word {unknown}
 A - a scroll of immolation {unknown}
 D - a scroll of silence {unknown}
 G - a scroll of random uselessness {unknown}
Potions
 i - 2 potions of mutation
 l - a potion of cancellation
 r - a potion of curing
 w - a potion of magic {unknown}
 x - a potion of might
 C - 2 potions of heal wounds {unknown}
 E - a potion of haste {unknown}
Books
 c - a book of Changes

   Spells                             Type                      Level
   a - Beastly Appendage              Transmutation                1
   b - Sticks to Snakes               Transmutation                2
   c - Spider Form                    Transmutation/Poison         3
   d - Ice Form                       Ice/Transmutation            4
   e - Blade Hands                    Transmutation                5
Comestibles
 d - 13 rations
 F - 9 chunks of flesh


   Skills:
 + Level 5.5 Fighting
 + Level 5.7 Dodging
 * Level 9.9 Unarmed Combat
 - Level 1.2 Spellcasting
 + Level 3.6 Transmutations


You had 7 spell levels left.
You knew the following spells:

 Your Spells              Type           Power        Failure   Level  Hunger
a - Beastly Appendage     Tmut           #.....       9%          1    ##.....
b - Sticks to Snakes      Tmut           #.......     12%         2    ###....


Dungeon Overview and Level Annotations

Branches:
Dungeon (8/15)             Temple (1/1) D:5
   Lair: D:8-11

Altars:
Ashenzari
Cheibriados
Dithmenos
Elyvilon
Fedhas
Gozag
Hepliaklqana
Kikubaaqudgha
Makhleb
Nemelex Xobeh
Okawaru
Qazlal
Ru
Sif Muna
Uskayaw
Vehumet
Wu Jian
Xom
Zin
The Shining One

Annotations:
D:5 xccam's ghost, novice DrBe


Innate Abilities, Weirdness & Mutations

You are too large for most types of armour.
You have claws for hands.
Your metabolism is lightning-fast.
You like to eat raw meat.
Your natural rate of healing is unusually fast.
You are covered in fur. (AC +1)
You have very tough skin. (AC +2)


Message History

The troll barely misses you.
The troll claws you but does no damage. x2
You closely miss the troll.
The troll is moderately wounded.
The troll bites you but does no damage. The troll claws you.
* * * LOW HITPOINT WARNING * * *
The troll claws you.
* * * LOW HITPOINT WARNING * * *
You barely miss the troll.
The troll is moderately wounded.
You claw the troll!
The troll is heavily wounded.
The troll bites you!
* * * LOW HITPOINT WARNING * * *
The troll claws you.
* * * LOW HITPOINT WARNING * * *
The troll barely misses you.
You claw the troll!
The troll is severely wounded.
The troll bites you!
You die...

####...........#
#...........#
#...........#
#.....#######
#.....# #.....#
#.>...#
#########.....#
#.(T@(........#
#((############
#...# #c..#
#.T.# #..## #..#
.... ....


You could see a troll.

Vanquished Creatures
  Pikel (D:6)
  Prince Ribbit (D:7)
  Eustachio (D:4)
  Menkaure (D:4)
  Duvessa (D:4)
  2 orc warriors
  2 slaves (D:6)
  2 black bears (D:7)
  3 ogres
  A sky beast (D:7)
  A phantom (D:5)
  3 centaurs
  Blork the orc (D:6)
  2 bullfrogs
  Dowan (D:4)
  6 scorpions
  A howler monkey (D:5)
  A crimson imp (D:7)
  A bullfrog zombie (D:5)
  3 jellies
  3 hounds
  2 orc priests (D:3)
  5 orc wizards
  A bullfrog skeleton (D:6)
  4 worker ants
  A howler monkey zombie (D:7)
  A worker ant zombie (D:5)
  A howler monkey skeleton (D:5)
  11 adders
  3 shadow imps
  An adder skeleton (D:5)
  5 worms
  3 dart slugs
  9 leopard geckos
  25 orcs
  3 giant cockroaches
  8 goblins
  3 hobgoblins
  25 jackals
  2 kobolds (D:3)
  A ball python (D:1)
  5 bats
  2 frilled lizards
  A leopard gecko skeleton (D:4)
  2 quokka skeletons
  3 rats
165 creatures vanquished.

Notes
Turn   | Place    | Note
-------+----------+-------------------------------------------
     0 | D:1      | toffzen the Troll Transmuter began the quest for the Orb.
     0 | D:1      | Reached XP level 1. HP: 18/18 MP: 1/1
   284 | D:1      | Reached skill level 1 in Fighting
   452 | D:1      | Reached XP level 2. HP: 26/27 MP: 2/2
   476 | D:1      | Learned a level 2 spell: Sticks to Snakes
  1219 | D:2      | Reached XP level 3. HP: 33/33 MP: 3/3
  1724 | D:3      | Reached skill level 4 in Unarmed Combat
  1774 | D:3      | Reached XP level 4. HP: 31/41 MP: 4/4
  1911 | D:3      | Reached XP level 5. HP: 35/49 MP: 5/5
  2243 | D:3      | Reached skill level 5 in Unarmed Combat
  2665 | D:4      | Noticed Duvessa
  2665 | D:4      | Noticed Dowan
  2704 | D:4      | Killed Duvessa
  2704 | D:4      | Reached XP level 6. HP: 24/59 MP: 6/6
  2790 | D:4      | Killed Dowan
  2878 | D:4      | Noticed Eustachio
  2924 | D:4      | Killed Eustachio
  2924 | D:4      | Reached skill level 6 in Unarmed Combat
  2924 | D:4      | Reached XP level 7. HP: 45/67 MP: 7/7
  3172 | D:4      | Found a burning altar of Makhleb.
  3504 | D:4      | Reached skill level 7 in Unarmed Combat
  3529 | D:4      | Noticed Menkaure
  3643 | D:4      | Killed Menkaure
  3643 | D:4      | Reached XP level 8. HP: 42/78 MP: 8/8
  4125 | D:5      | Entered Level 5 of the Dungeon
  4445 | D:5      | Found a staircase to the Ecumenical Temple.
  4460 | Temple   | Entered the Ecumenical Temple
  4665 | Temple   | Became a worshipper of the Wu Jian Council
  4697 | D:5      | Noticed xccam's ghost (novice DrBe)
  4908 | D:5      | Reached skill level 8 in Unarmed Combat
  5040 | D:5      | Found an iron altar of Okawaru.
  5230 | D:6      | Noticed Blork the orc
  5242 | D:6      | Killed Blork the orc
  5531 | D:6      | Noticed Pikel
  5546 | D:6      | Killed Pikel
  5546 | D:6      | Reached skill level 5 in Dodging
  5546 | D:6      | Reached XP level 9. HP: 84/87 MP: 9/9
  5579 | D:6      | Found a glowing golden altar of the Shining One.
  5579 | D:6      | Found a shadowy altar of Dithmenos.
  5609 | D:6      | Reached * piety under Wu Jian
  5609 | D:6      | Reached skill level 9 in Unarmed Combat
  5884 | D:6      | Found a blossoming altar of Fedhas.
  6014 | D:7      | Found a shimmering altar of Xom.
  6030 | D:7      | Reached skill level 5 in Fighting
  6160 | D:7      | Noticed Prince Ribbit
  6169 | D:7      | Killed Prince Ribbit
  6934 | D:8      | Noticed a troll
  6954 | D:8      | HP: 1/88 [troll (6)]
  6955 | D:8      | Slain by a troll

Skill      XL: |  1  2  3  4  5  6  7  8  9 |
---------------+----------------------------+-----
Fighting       | 1 2 3 4 5 |  5.5
Dodging        | 2 3 4 5 |  5.7
Unarmed Combat | 4 5 6 7 8 9 |  9.9
Transmutations | 2 3 |  3.6
Spellcasting   | |  1.2

Action                   |  1- 3 |  4- 6 |  7- 9 || total
-------------------------+-------+-------+-------++-------
Melee: Unarmed           |    99 |   128 |   311 ||   538
       Punch             |       |     3 |     8 ||    11
Throw: Stone             |       |     4 |    14 ||    18
Invok: Lunge             |       |       |    37 ||    37
       Whirlwind         |       |       |    22 ||    22
  Use: Scroll            |     3 |     2 |     4 ||     9
       Potion            |       |     4 |     2 ||     6
 Stab: Sleeping          |     2 |       |       ||     2
       Distracted        |     1 |       |       ||     1
  Eat: Chunk             |    15 |    14 |    37 ||    66
Armor: Robe              |    29 |    47 |    73 ||   149
Dodge: Dodged            |    44 |    58 |   132 ||   234
